 Dungeon Crawl Stone Soup version 0.20-a0-1062-g7b787ac (webtiles) character file.

5789 mkm the Basher (level 10, -11/93 HPs)
             Began as a Minotaur Berserker on Apr 27, 2017.
             Was a High Priest of Trog.
             Mangled by a komodo dragon (24 damage)
             ... on level 1 of the Lair of Beasts.
             The game lasted 00:33:40 (8035 turns).

mkm the Basher (Minotaur Berserker)                 Turns: 8035, Time: 00:33:42

Health: -11/93     AC: 11    Str: 25    XL:     10   Next: 50%
Magic:  9/9        EV: 11    Int:  4    God:    Trog [*****.]
Gold:   463        SH:  0    Dex: 10    Spells: 9/9 levels left

rFire    . . .     SeeInvis .   k - +0 whip (flame)
rCold    . . .     Gourm    .   (no shield)
rNeg     . . .     Faith    .   w - +0 chain mail
rPois    .         Spirit   .   (helmet restricted)
rElec    .         Reflect  .   (no cloak)
rCorr    .         Harm     .   (no gloves)
MR       +....     Clarity  +   (no boots)
Stlth    ..........             (no amulet)
Regen    0.3/turn               s - ring of stealth
MPRegen  0.2/turn               (no ring)

@: no status effects
A: retaliatory headbutt, horns 2, clarity, magic resistance 1
a: Berserk, Trog's Hand, Brothers in Arms, Burn Spellbooks, Renounce Religion


You were on level 1 of the Lair of Beasts.
You worshipped Trog.
Trog was extremely pleased with you.
You were not hungry.

You visited 2 branches of the dungeon, and saw 10 of its levels.

You collected 463 gold pieces.

Inventory:

Hand Weapons
 k - a +0 whip of flaming (weapon)
Armour
 i - a +1 ring mail
 w - a +0 chain mail (worn)
Jewellery
 g - an uncursed ring of ice
 n - a +2 ring of evasion {unknown}
 s - a ring of stealth (left hand)
Wands
 p - a wand of digging (24/24)
Scrolls
 a - 2 scrolls of remove curse
 b - a scroll of enchant armour
 d - a scroll of blinking
 l - 5 scrolls of fear
 m - 3 scrolls of teleportation
Potions
 e - 2 potions of heal wounds
 j - 3 potions of invisibility
 q - 3 potions of curing
 v - a potion of might
Comestibles
 c - 6 bread rations
 f - a royal jelly
 h - a meat ration
 o - 7 fruits


   Skills:
 + Level 9.9 Fighting
 + Level 12.0 Maces & Flails
 + Level 10.3 Armour
 + Level 5.4 Dodging
 + Level 1.2 Stealth


You had 9 spell levels left.
You didn't know any spells.

Dungeon Overview and Level Annotations

Branches:
Dungeon (9/15)               Lair (1/6) D:8
 Temple: D:4-7          Orc: D:9-12

Altars:
Ashenzari
Dithmenos
Elyvilon
Gozag
Kikubaaqudgha
Qazlal
Uskayaw
Vehumet
Wu Jian
Xom
Yredelemnul
The Shining One

Shops:
D:4 [

Annotations:
D:6 Sigmund


Innate Abilities, Weirdness & Mutations

You reflexively headbutt those who attack you in melee.
You have a pair of horns on your head.
You possess an exceptional clarity of mind.
You are resistant to hostile enchantments. (MR+)


Message History

A hippogriff comes into view.
The hippogriff screeches!
The electric eel shoots out a bolt of lightning at you!
The bolt of electricity hits you!
The electric eel shoots out a bolt of lightning at you!
The bolt of electricity hits you!
* * * LOW HITPOINT WARNING * * *
The electric eel shoots out a bolt of lightning at you!
The bolt of electricity hits you!
A komodo dragon comes into view.
The komodo dragon hisses angrily.
The komodo dragon moves out of view.
The electric eel shoots out a bolt of lightning at you!
The bolt of electricity hits you!
* * * LOW HITPOINT WARNING * * *
The komodo dragon barely misses you. The komodo dragon bites you.
* * * LOW HITPOINT WARNING * * *
The komodo dragon bites you!!
You die...

....≈≈≈≈≈≈≈≈≈.
...##...P# #..≈..;≈≈≈≈.
.........# #..≈.<..≈...
.........# #...........
.........####...........
........................
........................
........................
.......@......H.........
........l####...#.......
.........# #####.......
.........# ##.......
.........# #P.......
#.####.### #..##.### #
## #######


You could see a komodo dragon and a hippogriff.

Vanquished Creatures
  A death yak (D:8)
  Pikel (D:8)
  Joseph (D:8)
  A gargoyle (D:8)
  Prince Ribbit (D:8)
  3 hippogriffs (D:8)
  A spriggan (D:7)
  A wyvern (D:8)
  2 basilisks (D:8)
  A water moccasin (D:8)
  The ghost of r4s the Scratcher, an amateur FeCK of Xom (D:5)
  A slave (D:8)
  The ghost of StylePro the Chopper, an amateur MiBe of Trog (D:4)
  3 ice beasts
  A phantom (D:7)
  A necrophage (D:8)
  An ogre (D:4)
  3 centaurs
  3 big kobolds
  2 bullfrogs
  A water moccasin skeleton (D:6)
  A scorpion (D:8)
  4 killer bees (D:8)
  4 wights (D:7)
  A crimson imp (D:5)
  A jelly (D:7)
  A centaur zombie (D:6)
  A bullfrog zombie (D:6)
  6 orc wizards
  4 orc priests
  2 hounds
  A bullfrog skeleton (D:4)
  Terence (D:3)
  An iguana (D:7)
  4 worker ants
  2 hound zombies (D:6)
  A hound skeleton (D:7)
  A howler monkey zombie (D:6)
  A worker ant zombie (D:6)
  10 adders
  2 oozes (D:3)
  2 adder skeletons
  An adder zombie (D:6)
  2 worms
  A dart slug (D:3)
  4 leopard geckos
  25 orcs
  10 bats
  5 goblins
  14 hobgoblins
  4 jackals
  19 kobolds
  A quokka (D:3)
  4 frilled lizards
  A giant cockroach zombie (D:6)
  A jackal skeleton (D:5)
  A leopard gecko skeleton (D:8)
  9 rats
  A plant (D:8)
185 creatures vanquished.

Vanquished Creatures (others)
  2 slaves (D:8)
2 creatures vanquished.

Grand Total: 187 creatures vanquished

Notes
Turn   | Place    | Note
-------+----------+-------------------------------------------
     0 | D:1      | mkm the Minotaur Berserker began the quest for the Orb.
     0 | D:1      | Reached XP level 1. HP: 19/19 MP: 0/0
   109 | D:1      | Reached XP level 2. HP: 23/27 MP: 1/1
   228 | D:1      | Reached skill level 4 in Maces & Flails
   551 | D:1      | Reached ** piety under Trog
   601 | D:2      | Reached XP level 3. HP: 33/33 MP: 2/2
   758 | D:2      | You fall through a shaft!
   758 | D:3      | Found a basalt altar of Yredelemnul.
   758 | D:3      | Found an ornate altar of the Wu Jian Council.
   758 | D:3      | Found a shimmering altar of Xom.
   758 | D:3      | Found a stormy altar of Qazlal.
   758 | D:3      | Found an opulent altar of Gozag.
   965 | D:3      | Reached XP level 4. HP: 39/41 MP: 3/3
  1148 | D:2      | Found a shattered altar of Ashenzari.
  1207 | D:2      | Found a white marble altar of Elyvilon.
  1626 | D:2      | Reached skill level 5 in Maces & Flails
  1779 | D:3      | Found a radiant altar of Vehumet.
  1902 | D:3      | Reached *** piety under Trog
  1905 | D:3      | Reached XP level 5. HP: 43/47 MP: 4/4
  1996 | D:3      | Noticed Terence
  2050 | D:3      | Killed Terence
  2394 | D:4      | Found Jymodghye's Armour Emporium.
  2454 | D:4      | Noticed an ogre
  2468 | D:4      | Killed an ogre
  2468 | D:4      | Reached skill level 5 in Fighting
  2468 | D:4      | Reached XP level 6. HP: 26/56 MP: 5/5
  2732 | D:4      | Reached skill level 6 in Maces & Flails
  2870 | D:4      | Found an ancient bone altar of Kikubaaqudgha.
  2994 | D:4      | Noticed StylePro's ghost (amateur MiBe)
  3028 | D:4      | Killed StylePro's ghost
  3028 | D:4      | Reached skill level 5 in Armour
  3028 | D:4      | Reached XP level 7. HP: 19/61 MP: 6/6
  3564 | D:4      | Reached skill level 7 in Maces & Flails
  3766 | D:5      | Entered Level 5 of the Dungeon
  3766 | D:5      | Noticed r4s's ghost (amateur FeCK)
  3771 | D:5      | Killed r4s's ghost
  3835 | D:5      | Reached skill level 1 in Stealth
  3864 | D:5      | Reached **** piety under Trog
  4025 | D:5      | Found a shadowy altar of Dithmenos.
  4119 | D:5      | Found a glowing golden altar of the Shining One.
  4178 | D:5      | Reached skill level 8 in Maces & Flails
  4178 | D:5      | Reached XP level 8. HP: 51/70 MP: 7/7
  4523 | D:5      | Found a hide-covered altar of Uskayaw.
  4701 | D:5      | Gained mutation: You possess an exceptional clarity of mind. [potion of mutation]
  4701 | D:5      | Gained mutation: You are resistant to hostile enchantments. (MR+) [potion of mutation]
  5015 | D:6      | Reached skill level 9 in Maces & Flails
  5144 | D:6      | Noticed Sigmund
  5441 | D:7      | Reached skill level 10 in Maces & Flails
  5465 | D:7      | Reached XP level 9. HP: 34/79 MP: 8/8
  6450 | D:8      | Noticed Pikel
  6473 | D:8      | Killed Pikel
  6529 | D:8      | Noticed a death yak
  6556 | D:8      | Killed a death yak
  6556 | D:8      | Reached skill level 11 in Maces & Flails
  6556 | D:8      | Reached skill level 5 in Dodging
  6593 | D:8      | Reached XP level 10. HP: 58/90 MP: 9/9
  6610 | D:8      | Found a staircase to the Lair.
  6627 | D:8      | Reached ***** piety under Trog
  7074 | D:8      | Found a shadowy altar of Dithmenos.
  7099 | D:8      | Noticed a gargoyle
  7119 | D:8      | Killed a gargoyle
  7563 | D:8      | Reached skill level 10 in Armour
  7728 | D:8      | Noticed Prince Ribbit
  7738 | D:8      | Killed Prince Ribbit
  7835 | D:8      | Noticed Joseph
  7848 | D:8      | Killed Joseph
  7848 | D:8      | Reached skill level 12 in Maces & Flails
  8000 | Lair:1   | Entered Level 1 of the Lair of Beasts
  8035 | Lair:1   | Mangled by a komodo dragon

Vault maps used:
D:1:      saegor_arrival_simple_e
D:2:      nicolae_overflow_hidden_temple, elyvilon_altar_3
D:3:      nicolae_overflow_crystal_walls, grunt_temple_overflow_open,
          uniq_terence
D:4:      cheibrodos_thug_alley, kiku_gazebo_garden_becter, first_bread,
          serial_shops, shop, grunt_decor_cap
D:5:      kennysheep_mini, tso_altar, grunt_dithmenos_smoke_and_mirrors
D:6:      minitemple, minmay_temple_entry_nine_rooms, serial_undead,
          serial_undead_e, serial_undead_f, serial_undead_c, serial_undead_f,
          serial_undead_f, serial_undead_d, uniq_sigmund
D:7:      the_bakery
D:8:      old_standard_altar, david_lair_generic, uniq_prince_ribbit1,
          uniq_joseph, uniq_pikel
D:9:      marbit_many_paths
Lair:1:   serial_bayou_shore_b, infiniplex_staircase_pool

Skill      XL: |  1  2  3  4  5  6  7  8  9 10 |
---------------+-------------------------------+-----
Fighting       | 4 5 7 8 9 |  9.9
Maces & Flails | 4 5 6 8 10 11 12 | 12.0
Dodging        | 3 4 5 |  5.4
Armour         | 3 4 5 7 9 10 | 10.3
Stealth        | 1 |  1.2

Action                   |  1- 3 |  4- 6 |  7- 9 | 10-12 || total
-------------------------+-------+-------+-------+-------++-------
Melee: Mace              |    42 |       |       |       ||    42
       Headbutt          |    11 |    20 |    54 |    34 ||   119
       Flail             |    10 |   136 |   287 |       ||   433
       Whip              |       |       |     9 |   125 ||   134
Invok: Berserk           |     1 |     1 |     4 |     2 ||     8
       Burn Spellbooks   |       |       |       |     1 ||     1
  Use: Potion            |     5 |     3 |     7 |     1 ||    16
       Scroll            |     3 |     6 |     3 |     1 ||    13
 Stab: Sleeping          |     1 |       |       |       ||     1
  Eat: Chunk             |       |     6 |     1 |       ||     7
       Bread ration      |       |     1 |     2 |     1 ||     4
       Meat ration       |       |       |     1 |       ||     1
       Fruit             |       |       |     1 |       ||     1
Armor: Animal skin       |    19 |       |       |       ||    19
       Ring mail         |    11 |    47 |       |       ||    58
       Chain mail        |       |    23 |   127 |    36 ||   186
       Skin              |       |       |     7 |       ||     7
Dodge: Dodged            |    51 |    94 |   117 |    45 ||   307
